[Event "Titled Tuesday Blitz November 29 Early 2022"]
[White "Schut, Han"]
[Black "Sengupta, Deep"]
[WhiteFideId "1005561"]
[BlackFideId "5008352"]
[WhiteElo "2024"]
[BlackElo "2397"]
[Result "0-1"]
[Round "08"]
[TimeControl "180+1"]
[Date "2022.11.30"]
[WhiteClock "0:00:15"]
[BlackClock "0:00:29"]

1. e4 g6 2. d4 Bg7 3. Nc3 c6 4. f4 d5 5. Nf3 Bg4 6. e5 e6 7. h3 Bxf3 8. Qxf3 Ne7 9. Bd3 Nd7 10. O-O h5 11. g4 hxg4 12. hxg4 Qb6 13. Ne2 O-O-O 14. Kg2 Rh4 15. Rh1 Rdh8 16. Rxh4 Rxh4 17. Qf2 Rxg4+ 18. Kf3 f5 19. exf6 Nxf6 20. Bd2 Nf5 21. c3 Ne4 22. Bxe4 dxe4+ 23. Kxg4 Qxb2 24. Rd1 Qc2 25. Qf1 Qd3 26. Nc1 Qg3# 0-1


[Site "https://www.chess.com"]

[Event "Titled Tuesday Blitz November 29 Early 2022"]
[White "Shapiro, Daniel"]
[Black "Roque Sola, Gisela"]
[WhiteFideId "2001780"]
[BlackFideId "5120241"]
[WhiteElo "2325"]
[BlackElo "1961"]
[Result "0-1"]
[Round "08"]
[TimeControl "180+1"]
[Date "2022.11.30"]
[WhiteClock "0:00:11"]
[BlackClock "0:00:57"]

1. d4 Nf6 2. c4 e6 3. g3 d5 4. Nf3 Be7 5. Bg2 O-O 6. O-O dxc4 7. Ne5 Nc6 8. Bxc6 bxc6 9. Nxc6 Qe8 10. Nxe7+ Qxe7 11. Qa4 c5 12. Qxc4 cxd4 13. Qxd4 Bb7 14. Nc3 Rfd8 15. Qh4 Qc5 16. Bg5 Rd4 17. Qh3 Qxg5 18. a4 Rad8 19. Nb5 Rd2 20. Nxa7 Qd5 21. f3 Qd4+ 22. Rf2 Qxa7 23. b4 Rxe2 24. Qf1 Rxf2 25. Qxf2 Qxf2+ 26. Kxf2 Nd5 27. b5 h5 28. a5 Ra8 29. a6 Bc8 30. Rc1 Bd7 31. Rc5 Kf8 32. Ke2 Ke7 33. Kd3 Kd6 34. Kc4 Ne3+ 35. Kb4 Nd5+ 36. Kc4 Nb6+ 37. Kb4 g6 38. Rc1 Nd5+ 39. Ka5 Rb8 40. a7 Rxb5+ 41. Ka6 Rb6+ 42. Ka5 Rb2 43. Ra1 Bc6 44. Ka6 Bb7+ 45. Ka5 f5 46. Ra3 e5 0-1


[Site "https://www.chess.com"]

[Event "Titled Tuesday Blitz November 29 Early 2022"]
[White "Sharifov, Mekhriddin"]
[Black "Mikhalsky, Vladimir"]
[WhiteFideId "14701545"]
[BlackFideId "14144352"]
[WhiteElo "2109"]
[BlackElo "2271"]
[Result "1-0"]
[Round "08"]
[TimeControl "180+1"]
[Date "2022.11.30"]
[WhiteClock "0:02:35"]
[BlackClock "0:01:35"]

1. e4 c5 2. Nf3 Nc6 3. d4 cxd4 4. Nxd4 Nf6 5. Nc3 e5 6. Ndb5 d6 7. Bg5 a6 8. Na3 b5 9. Nd5 Be7 10. Bxf6 Bxf6 11. c4 b4 12. Nc2 Rb8 13. b3 Bg5 14. g3 O-O 15. Bg2 Qa5 16. O-O Qc5 17. Kh1 f5 18. Qd3 Be6 19. f4 Bf6 20. exf5 Bxd5 21. Qxd5+ Qxd5 22. Bxd5+ Kh8 23. Bxc6 exf4 24. Rad1 fxg3 25. hxg3 Be5 26. Kg2 1-0


[Site "https://www.chess.com"]

[Event "Titled Tuesday Blitz November 29 Early 2022"]
[White "Shimanov, Aleksandr"]
[Black "Yeremyan, Alen"]
[WhiteFideId "4198603"]
[BlackFideId "13308998"]
[WhiteElo "2605"]
[BlackElo "2159"]
[Result "0-1"]
[Round "08"]
[TimeControl "180+1"]
[Date "2022.11.30"]
[WhiteClock "0:00:02"]
[BlackClock "0:00:49"]

1. g3 d5 2. Bg2 Nf6 3. Nf3 g6 4. b3 Bg7 5. Bb2 c5 6. c4 d4 7. e3 Nc6 8. exd4 cxd4 9. O-O O-O 10. Re1 e5 11. Nxe5 Nxe5 12. Rxe5 Be6 13. d3 Ng4 14. Re2 h5 15. Nd2 h4 16. Bxb7 hxg3 17. hxg3 Qg5 18. Bg2 Qh5 19. Nf1 Ne5 20. Re4 Bg4 21. Rxg4 Nxg4 22. Bxa8 Rxa8 23. Qe2 Bf6 24. Re1 Kg7 25. Qf3 Rh8 26. Re4 Ne5 27. Qxh5 Rxh5 28. Kg2 Nxd3 29. Ba1 Rf5 30. f4 Ra5 31. Re2 Nc1 32. Rd2 Rxa2 33. Rxa2 Nxa2 34. Kf3 Nc1 35. Nd2 Kf8 36. Bb2 Nd3 37. Ba3+ Ke8 38. Ke4 Nf2+ 39. Kd5 d3 40. Bc5 Nd1 41. Bxa7 Bc3 42. Ne4 d2 43. c5 Bb4 44. Nxd2 Bxd2 45. c6 Ba5 0-1


[Site "https://www.chess.com"]

[Event "Titled Tuesday Blitz November 29 Early 2022"]
[White "Shipov, Sergei"]
[Black "Barria Zuniga, Daniel"]
[WhiteFideId "4113624"]
[BlackFideId "3400816"]
[WhiteElo "2806"]
[BlackElo "2414"]
[Result "1-0"]
[Round "08"]
[TimeControl "180+1"]
[Date "2022.11.30"]
[WhiteClock "0:00:22"]
[BlackClock "0:00:02"]

1. d4 Nf6 2. c4 e6 3. Nc3 Bb4 4. Qc2 O-O 5. a3 Bxc3+ 6. Qxc3 b6 7. Bg5 h6 8. Bh4 c5 9. dxc5 bxc5 10. e3 Nc6 11. Bd3 a5 12. Ne2 a4 13. O-O d6 14. Rfd1 Nb8 15. Bc2 Ra6 16. Qd2 Nbd7 17. Nc3 Ne5 18. Qe2 Bd7 19. Rd2 Qe7 20. Rad1 Rb8 21. f4 Ng6 22. Bxg6 fxg6 23. Ne4 Rbb6 24. Nxc5 dxc5 25. Rxd7 Qxd7 26. Rxd7 Nxd7 27. Be1 Rd6 28. Bc3 Kf7 29. h3 h5 30. Kh2 Rab6 31. e4 Ra6 32. Qf2 Rd3 33. f5 gxf5 34. exf5 e5 35. Qe2 Rad6 36. Qxh5+ Kf8 37. Qe2 Kf7 38. Bxe5 Nxe5 39. Qxe5 Rd2 40. Qxc5 R6d3 41. Qb4 Rc2 42. Qxa4 Rdd2 43. Qa7+ Kf6 44. Qb7 Kxf5 45. Qf3+ Ke5 46. b4 1-0


[Site "https://www.chess.com"]

[Event "Titled Tuesday Blitz November 29 Early 2022"]
[White "Shuvalov, Evgenij"]
[Black "Girel, Joseph"]
[WhiteFideId "4187237"]
[BlackFideId "36033561"]
[WhiteElo "2049"]
[BlackElo "2281"]
[Result "0-1"]
[Round "08"]
[TimeControl "180+1"]
[Date "2022.11.30"]
[WhiteClock "0:00:18"]
[BlackClock "0:01:02"]

1. d4 g6 2. c4 Bg7 3. e4 c5 4. d5 d6 5. Nf3 Bg4 6. Be2 Nd7 7. O-O a6 8. a4 Ngf6 9. Nc3 Bxf3 10. Bxf3 O-O 11. Bf4 Qb6 12. Qc2 Qb4 13. Be2 Ne8 14. a5 b5 15. cxb5 axb5 16. Bd2 Rxa5 17. Nxb5 Rxb5 18. Bxb4 Rxb4 19. Ra7 Rxb2 20. Qd1 Nef6 21. Bf3 c4 22. Qa4 Nb6 23. Qa3 Nfd7 24. Rc1 Nc5 25. h3 Bd4 26. Rxe7 Rxf2 27. Kh1 Nd3 28. Rd1 Rxf3 29. gxf3 Nf2+ 30. Kg2 Nxd1 31. Qxd6 c3 32. Rc7 c2 33. Kg3 Nc3 34. Qa3 c1=Q 35. Qxc1 Ne2+ 36. Kg2 Nxc1 37. Rxc1 Rd8 38. Rc6 Nxd5 39. exd5 Rxd5 40. Rc2 Kg7 41. Rd2 Rd6 42. Rd3 Be5 43. Rxd6 Bxd6 44. Kf2 Kf6 45. Kg2 Kg5 46. Kf2 Kh4 47. Kg2 Bf4 0-1


[Site "https://www.chess.com"]

[Event "Titled Tuesday Blitz November 29 Early 2022"]
[White "Sokolovsky, Yahli"]
[Black "Sukandar, Irine Kharisma"]
[WhiteFideId "2820242"]
[BlackFideId "7101937"]
[WhiteElo "2316"]
[BlackElo "2301"]
[Result "1-0"]
[Round "08"]
[TimeControl "180+1"]
[Date "2022.11.30"]
[WhiteClock "0:00:27"]
[BlackClock "0:00:33"]

1. b3 e5 2. Bb2 Nc6 3. e3 Nf6 4. Nf3 Bd6 5. d4 Qe7 6. d5 Nb4 7. c4 e4 8. Nd4 a5 9. Nf5 Qf8 10. a3 Na6 11. Qd4 Nc5 12. Nd2 Be7 13. Be2 d6 14. Ng3 h5 15. Ngxe4 Nfxe4 16. Nxe4 Nxb3 17. Qxg7 Nxa1 18. Qxh8 Nc2+ 19. Kd2 Qxh8 20. Bxh8 Nxa3 21. Bb2 f5 22. Nc3 Nxc4+ 23. Bxc4 Bd7 24. Ra1 b6 25. g3 O-O-O 26. h4 Kb7 27. Be2 Bf6 28. Bxh5 b5 29. Rxa5 Kb6 30. Ra1 Rh8 31. Be2 Be5 32. Rb1 b4 33. Na2 Kc5 34. Rc1+ Kxd5 35. Nxb4+ Ke6 36. Bxe5 dxe5 37. Rxc7 f4 38. Bg4+ 1-0


[Site "https://www.chess.com"]

[Event "Titled Tuesday Blitz November 29 Early 2022"]
[White "Sovetbekova, Nurai"]
[Black "Donskov, Anatoly"]
[WhiteFideId "13801910"]
[BlackFideId "24143413"]
[WhiteElo "1925"]
[BlackElo "2219"]
[Result "1-0"]
[Round "08"]
[TimeControl "180+1"]
[Date "2022.11.30"]
[WhiteClock "0:00:10"]
[BlackClock "0:00:01"]

1. d4 d5 2. c4 dxc4 3. e4 b5 4. a4 c6 5. b3 e5 6. axb5 cxb5 7. bxc4 b4 8. d5 Nf6 9. Qc2 Nbd7 10. Nd2 Bd6 11. Nb3 Qc7 12. Nf3 a5 13. Be3 a4 14. Nbd2 b3 15. Qb2 Bb7 16. c5 Bxc5 17. Bxc5 Qxc5 18. Nxe5 O-O 19. Nd3 Qe7 20. Be2 Nxe4 21. Nc4 Bxd5 22. Ne3 Bb7 23. O-O Nec5 24. Nf4 Rfc8 25. Rfc1 Qe5 26. Qd2 a3 27. Nc4 Qg5 28. Nxa3 b2 29. Qxb2 Qxf4 30. Nc4 Qg5 31. f3 h5 32. Rxa8 Bxa8 33. Nb6 Qf5 34. Nxd7 1-0


[Site "https://www.chess.com"]

[Event "Titled Tuesday Blitz November 29 Early 2022"]
[White "Tarlabasi, Emirhan"]
[Black "Vlassov, Nikolai"]
[WhiteFideId "6350275"]
[BlackFideId "4103360"]
[WhiteElo "2200"]
[BlackElo "2324"]
[Result "1-0"]
[Round "08"]
[TimeControl "180+1"]
[Date "2022.11.30"]
[WhiteClock "0:00:52"]
[BlackClock "0:00:06"]

1. Nf3 c5 2. c4 g6 3. Nc3 Bg7 4. b3 d5 5. cxd5 Nf6 6. Bb2 Nxd5 7. g3 O-O 8. Bg2 Nc6 9. O-O b6 10. Qc1 Bb7 11. Nxd5 Bxb2 12. Nxe7+ Qxe7 13. Qxb2 Qxe2 14. Rfe1 Qd3 15. Re3 Qd6 16. Rd1 Rad8 17. d4 cxd4 18. Red3 Ba6 19. Nxd4 Bxd3 20. Nxc6 Rde8 21. Qc3 Re2 22. Rxd3 Qa3 23. Rd1 Qxa2 24. Bf3 Re6 25. Ra1 Rxc6 26. Bxc6 Qe2 27. Rxa7 Rc8 28. Qf6 Qd1+ 29. Kg2 Qxb3 30. Rd7 1-0


[Site "https://www.chess.com"]

[Event "Titled Tuesday Blitz November 29 Early 2022"]
[White "Tasev, Dejan"]
[Black "Stijve, Theo"]
[WhiteFideId "936618"]
[BlackFideId "1331132"]
[WhiteElo "2256"]
[BlackElo "2256"]
[Result "1-0"]
[Round "08"]
[TimeControl "180+1"]
[Date "2022.11.30"]
[WhiteClock "0:00:23"]
[BlackClock "0:00:04"]

1. e4 c6 2. d4 d5 3. Nc3 dxe4 4. Nxe4 Nf6 5. Nxf6+ exf6 6. c3 Bd6 7. Bd3 O-O 8. Qc2 Re8+ 9. Ne2 h5 10. h3 h4 11. O-O Na6 12. Bd2 Nc7 13. Rae1 Nd5 14. a3 b5 15. Qc1 Qc7 16. f4 a5 17. b3 Ba6 18. c4 bxc4 19. bxc4 c5 20. Bb1 Nb6 21. Qc2 g6 22. Bxa5 cxd4 23. Nxd4 Bc5 24. Rxe8+ Rxe8 25. Bc3 Nxc4 26. Ba2 f5 27. Qa4 Qb6 28. Qxe8+ Kg7 29. Rd1 Nxa3 30. Qxf7+ Kh6 31. Kh2 Nb5 32. Nxb5 Bxb5 33. Bf6 Qb8 34. Bg5+ Kh5 35. Qh7# 1-0


[Site "https://www.chess.com"]

[Event "Titled Tuesday Blitz November 29 Early 2022"]
[White "Timofeev, Artyom"]
[Black "Hansen, Eric"]
[WhiteFideId "4140419"]
[BlackFideId "2606771"]
[WhiteElo "2586"]
[BlackElo "2568"]
[Result "1-0"]
[Round "08"]
[TimeControl "180+1"]
[Date "2022.11.30"]
[WhiteClock "0:00:03"]
[BlackClock "0:00:01"]

1. d4 Nf6 2. Bf4 d6 3. Nc3 Nbd7 4. Nf3 c6 5. e4 b5 6. Bd3 b4 7. Ne2 g6 8. Qd2 a5 9. Ng3 h5 10. h3 Bg7 11. O-O Nf8 12. e5 Nd5 13. exd6 exd6 14. Bg5 Qc7 15. c4 bxc3 16. bxc3 Ne6 17. Rfe1 O-O 18. Bh6 Nf6 19. Bxg7 Kxg7 20. c4 a4 21. Rac1 Qa5 22. Qb2 a3 23. Qa1 Rb8 24. Rc2 Ba6 25. Bf1 Nf4 26. Qc1 Ne6 27. Re3 Bc8 28. Rxa3 Qc7 29. Re3 Kg8 30. d5 Ng7 31. Qa1 Nh7 32. Nd4 c5 33. Nc6 Ra8 34. Rce2 Bd7 35. Re7 Qc8 36. Ne4 1-0


[Site "https://www.chess.com"]

[Event "Titled Tuesday Blitz November 29 Early 2022"]
[White "Vasques, Antonio Pedro Freixial"]
[Black "Hartikainen, Jarmo"]
[WhiteFideId "1908332"]
[BlackFideId "503134"]
[WhiteElo "2243"]
[BlackElo "2211"]
[Result "1-0"]
[Round "08"]
[TimeControl "180+1"]
[Date "2022.11.30"]
[WhiteClock "0:02:04"]
[BlackClock "0:00:18"]

1. e4 c5 2. Nf3 d6 3. d4 cxd4 4. Nxd4 Nf6 5. Nc3 Nc6 6. Be3 e5 7. Nb3 Be6 8. f3 Be7 9. Qd2 O-O 10. O-O-O a6 11. g4 b5 12. g5 Nd7 13. Kb1 Qc7 14. h4 Rfc8 15. h5 Nf8 16. Bd3 Nb4 17. f4 Bxb3 18. axb3 Ne6 19. Nd5 Nxd5 20. exd5 Nxf4 21. Bxf4 exf4 22. Qxf4 a5 23. Bxh7+ Kxh7 24. g6+ Kh8 25. h6 Qxc2+ 26. Ka2 Qxb3+ 27. Kxb3 a4+ 28. Ka2 b4 29. hxg7+ 1-0


[Site "https://www.chess.com"]

[Event "Titled Tuesday Blitz November 29 Early 2022"]
[White "Von Buelow, Georg"]
[Black "Valle Maytin, Luis Enrique"]
[WhiteFideId "4620658"]
[BlackFideId "3503666"]
[WhiteElo "2228"]
[BlackElo "2225"]
[Result "0-1"]
[Round "08"]
[TimeControl "180+1"]
[Date "2022.11.30"]
[WhiteClock "0:00:09"]
[BlackClock "0:00:47"]

1. e4 c6 2. d4 d5 3. e5 c5 4. dxc5 e6 5. a3 Bxc5 6. b4 Bb6 7. Bb2 Ne7 8. Nf3 Ng6 9. Bd3 a5 10. b5 Nd7 11. O-O Nc5 12. Nbd2 Na4 13. Bxg6 hxg6 14. Bd4 Bxd4 15. Nxd4 Qb6 16. N2f3 Nc5 17. Re1 Bd7 18. Rb1 Rc8 19. Qd2 Ne4 20. Qf4 Nc3 21. Rb3 Rc4 22. Qe3 Qc5 23. h3 Ne4 24. Rd1 a4 25. Rbd3 O-O 26. Rb1 Rc8 27. h4 Rc3 28. Rxc3 Qxc3 29. Qxc3 Rxc3 30. Rb4 Rxa3 31. b6 Rc3 0-1


[Site "https://www.chess.com"]

[Event "Titled Tuesday Blitz November 29 Early 2022"]
[White "Vysochin, Spartak"]
[Black "Tarnowska, Aleksandra"]
[WhiteFideId "14103516"]
[BlackFideId "1180967"]
[WhiteElo "2412"]
[BlackElo "1776"]
[Result "1/2-1/2"]
[Round "08"]
[TimeControl "180+1"]
[Date "2022.11.30"]
[WhiteClock "0:00:07"]
[BlackClock "0:00:06"]

1. d4 d5 2. Nf3 Nf6 3. g3 Bf5 4. Bg2 c6 5. O-O Nbd7 6. Bf4 e6 7. Nbd2 Be7 8. c4 O-O 9. a3 h6 10. Rc1 dxc4 11. Nxc4 Nb6 12. Nd6 Bxd6 13. Bxd6 Qxd6 14. Nh4 Bh7 15. Re1 Rad8 16. e3 Rfe8 17. Qb3 e5 18. dxe5 Qxe5 19. a4 Qe6 20. Qb4 Nfd5 21. Bxd5 Rxd5 22. a5 Rb5 23. Qa3 Nc4 24. Qc3 Nxa5 25. Nf3 Nb3 26. Nd4 Nxd4 27. exd4 Qd7 28. Qa3 Rxe1+ 29. Rxe1 a6 30. Re7 Qd8 31. Qe3 Qxe7 32. Qxe7 Bg6 33. Qe8+ Kh7 34. Qd7 Rxb2 35. h4 Be4 36. g4 Rb1+ 37. Kh2 Rh1+ 38. Kg3 Bg6 39. h5 Bc2 40. Qxb7 Rd1 41. Qxc6 Rd3+ 42. Kf4 Bb1 43. Qxa6 Rxd4+ 44. Ke3 Rb4 45. Qa1 Rb3+ 46. Ke2 Be4 47. Qc1 Rb4 48. Qd2 Rc4 49. Qe3 Rc2+ 50. Kf1 Rc4 51. f3 Rd4 52. fxe4 Rd6 53. Qf4 Rf6 54. Qxf6 gxf6 55. Kf2 Kg7 56. Kf3 Kf8 57. Kf4 Ke7 58. Kf5 Kf8 59. Kxf6 Kg8 60. e5 Kf8 61. e6 fxe6 62. Kxe6 Kg7 63. Kf5 Kf7 64. g5 hxg5 65. Kxg5 Kg7 66. h6+ Kh7 67. Kh5 Kh8 68. Kg5 Kg8 69. Kg6 Kh8 70. h7 1/2-1/2


[Site "https://www.chess.com"]

[Event "Titled Tuesday Blitz November 29 Early 2022"]
[White "Wagner, Dennis"]
[Black "Le, Tuan Minh"]
[WhiteFideId "24650684"]
[BlackFideId "12401153"]
[WhiteElo "2470"]
[BlackElo "2530"]
[Result "0-1"]
[Round "08"]
[TimeControl "180+1"]
[Date "2022.11.30"]
[WhiteClock "0:00:03"]
[BlackClock "0:00:06"]

1. d4 d5 2. Nf3 Nf6 3. c4 c6 4. g3 Bf5 5. Nc3 e6 6. Nh4 Be4 7. f3 Bg6 8. Qb3 Qc8 9. Nxg6 hxg6 10. e4 dxe4 11. fxe4 e5 12. dxe5 Ng4 13. Bf4 Bc5 14. Be2 Bf2+ 15. Kd2 Na6 16. Bxg4 Qxg4 17. Qxb7 O-O 18. Qxa6 g5 19. h3 Qf3 20. Bxg5 Qxg3 21. Be7 Be3+ 22. Kc2 Qf2+ 23. Kb1 Rab8 24. Qa3 Rfe8 25. Bd6 Rb7 26. Rd1 Bd4 27. b4 c5 28. b5 f6 29. Qb2 Qf3 30. Rc1 fxe5 31. a4 Rd7 32. Ra3 Rxd6 33. Ka2 Qd3 34. Qb3 Rf8 35. Nd5 Rf2+ 0-1


[Site "https://www.chess.com"]

[Event "Titled Tuesday Blitz November 29 Early 2022"]
[White "Weetik, Vjacheslav"]
[Black "Mogranzini, Roberto"]
[WhiteFideId "4153472"]
[BlackFideId "810894"]
[WhiteElo "2469"]
[BlackElo "2469"]
[Result "0-1"]
[Round "08"]
[TimeControl "180+1"]
[Date "2022.11.30"]
[WhiteClock "0:00:05"]
[BlackClock "0:00:26"]

1. d4 Nf6 2. Nf3 d6 3. g3 g6 4. Bg2 Bg7 5. O-O O-O 6. c4 Nc6 7. Nc3 Rb8 8. Re1 a6 9. Rb1 b5 10. cxb5 axb5 11. b4 e5 12. dxe5 Nxe5 13. Nxe5 dxe5 14. Bg5 Bf5 15. e4 Be6 16. Nd5 c6 17. Nc3 Qe7 18. Qc2 Rfd8 19. h3 Ra8 20. a4 Bc4 21. axb5 Bd3 22. Qb3 Bxb1 23. Rxb1 cxb5 24. Nxb5 h6 25. Be3 Rab8 26. Nc3 Rd3 27. Nd5 Nxd5 28. Qxd3 Nxe3 29. Qxe3 Rxb4 30. Rxb4 Qxb4 31. Bf3 h5 32. h4 Bf8 33. Kg2 Bc5 34. Qe2 Qd4 35. Qc2 Kg7 36. Qe2 Qc3 37. Qa2 Bd4 38. Qe2 Qc5 39. Kf1 Qc1+ 40. Kg2 Qc5 41. Kf1 Qa3 42. Kg2 Qc1 43. Qd1 Qb2 44. Qe2 Qc3 45. Kf1 Kf6 46. Kg2 Qc5 47. Kf1 Qb4 48. Kg2 Qb1 49. Qd2 Kg7 50. Qe2 Qc1 51. Qa2 Qc5 52. Qe2 Bc3 53. Qd3 Be1 54. Qe2 Bb4 55. Kf1 Qd4 56. Qe3 Qxe3 57. fxe3 Kf6 58. Ke2 Bc5 59. Bg2 Ke7 60. Kf3 Bb4 61. Bf1 Be1 62. Bc4 f6 63. Bb5 Kf7 64. Bc4+ Kg7 65. Be6 g5 66. hxg5 fxg5 67. Bh3 g4+ 68. Bxg4 hxg4+ 69. Kxg4 Kf6 70. Kh4 Bd2 71. Kg4 Bxe3 0-1


[Site "https://www.chess.com"]

[Event "Titled Tuesday Blitz November 29 Early 2022"]
[White "Winkels, Marcel"]
[Black "Fernandez Hernandez, Gerardo"]
[WhiteFideId "1003887"]
[BlackFideId "2207400"]
[WhiteElo "1900"]
[BlackElo "2207"]
[Result "0-1"]
[Round "08"]
[TimeControl "180+1"]
[Date "2022.11.30"]
[WhiteClock "0:00:05"]
[BlackClock "0:00:05"]

1. d4 Nf6 2. Nc3 e6 3. Bf4 d5 4. e3 Bb4 5. Nf3 b6 6. Bd3 Ba6 7. O-O Bxd3 8. Qxd3 c6 9. Ne5 O-O 10. a3 Bd6 11. Bg5 h6 12. Bh4 Be7 13. f3 Qc7 14. Bg3 Bd6 15. e4 Nbd7 16. Nxd7 Nxd7 17. e5 Be7 18. f4 g6 19. Rad1 c5 20. Ne2 cxd4 21. Nxd4 Nc5 22. Qe2 Ne4 23. c3 Bc5 24. Kh1 Bxd4 25. Rxd4 Qe7 26. Bf2 Rac8 27. Be3 h5 28. Rg1 Kg7 29. Bf2 Rc7 30. Qe1 Qd7 31. Bh4 Rfc8 32. Qe3 Rc4 33. Rxc4 Rxc4 34. Rd1 Qa4 35. Qe2 Qb3 36. Rf1 Rc5 37. h3 Rb5 38. Bf6+ Nxf6 39. exf6+ Kh7 40. Rf2 Qc4 41. Qe5 Rc5 42. g4 Rc8 43. gxh5 Qe4+ 44. Qxe4 dxe4 45. hxg6+ Kxg6 46. Re2 Kf5 47. Kg2 Kxf4 48. Rf2+ Ke5 49. Kg3 Rg8+ 50. Kh2 Rg6 51. h4 Rxf6 52. Re2 Rf4 53. Kg3 Rf3+ 54. Kg2 Kf4 55. Rd2 f5 56. Rd7 e3 57. Rd1 e2 58. Re1 Ke3 59. h5 Rf2+ 60. Kg1 Rf4 61. Kg2 Rh4 62. h6 Rxh6 63. Rg1 Rg6+ 64. Kh2 Rxg1 65. Kxg1 e1=Q+ 0-1


[Site "https://www.chess.com"]

[Event "Titled Tuesday Blitz November 29 Early 2022"]
[White "Womacka, Mathias"]
[Black "Barash, Anton"]
[WhiteFideId "4611390"]
[BlackFideId "30935229"]
[WhiteElo "2378"]
[BlackElo "2334"]
[Result "1-0"]
[Round "08"]
[TimeControl "180+1"]
[Date "2022.11.30"]
[WhiteClock "0:02:51"]
[BlackClock "0:02:31"]

1. e4 e6 2. d4 d5 3. Nd2 Nc6 4. Ngf3 Nf6 5. e5 Nd7 6. Bd3 f6 7. exf6 Qxf6 8. Nf1 e5 9. Ne3 e4 10. Nxd5 Qe6 11. Nxc7+ 1-0


[Site "https://www.chess.com"]

[Event "Titled Tuesday Blitz November 29 Early 2022"]
[White "Zaichenko, Daria"]
[Black "Zatonskih, Anna"]
[WhiteFideId "4197453"]
[BlackFideId "14101572"]
[WhiteElo "2039"]
[BlackElo "2362"]
[Result "0-1"]
[Round "08"]
[TimeControl "180+1"]
[Date "2022.11.30"]
[WhiteClock "0:00:17"]
[BlackClock "0:00:12"]

1. e4 d5 2. exd5 Qxd5 3. Nc3 Qd6 4. Nf3 c6 5. d3 Nf6 6. g3 Bg4 7. Bg2 e6 8. O-O Qc7 9. d4 Nbd7 10. h3 Bh5 11. g4 Bg6 12. Re1 Bd6 13. d5 cxd5 14. Nb5 Qb6 15. Nxd6+ Qxd6 16. Nd4 O-O 17. h4 h5 18. g5 Ng4 19. f4 Rfe8 20. Nf3 Qc5+ 21. Qd4 Bxc2 22. Qxc5 Nxc5 23. Bd2 Rac8 24. Nd4 Be4 25. Bc3 Bxg2 26. Kxg2 Nd3 27. Rh1 Nxf4+ 28. Kf3 Nd3 29. Nb5 Rc5 30. a4 Nde5+ 31. Kf4 Nc4 32. b3 Nce3 33. Bd4 e5+ 34. Bxe5 Rxe5 35. Rhg1 a6 36. Nd6 Rc3 37. Rae1 Re6 38. Nxb7 Re4+ 39. Kf3 Nc2+ 40. Kg2 Nxe1+ 41. Kf1 Rf3# 0-1


[Site "https://www.chess.com"]

[Event "Titled Tuesday Blitz November 29 Early 2022"]
[White "Zhigalko, Sergei"]
[Black "Aloma Vidal, Robert"]
[WhiteFideId "13502956"]
[BlackFideId "2260409"]
[WhiteElo "2662"]
[BlackElo "2435"]
[Result "1-0"]
[Round "08"]
[TimeControl "180+1"]
[Date "2022.11.30"]
[WhiteClock "0:00:11"]
[BlackClock "0:00:19"]

1. e4 e5 2. Nf3 Nf6 3. d4 Nxe4 4. Bd3 d5 5. Nxe5 Nd7 6. Nxd7 Bxd7 7. O-O Qf6 8. Nc3 Qxd4 9. Be3 Qe5 10. Bxe4 dxe4 11. Bd4 Qf5 12. Nxe4 O-O-O 13. Ng3 Qg6 14. c3 h5 15. Qb1 f5 16. Ne2 h4 17. Nf4 Qh6 18. Nh3 f4 19. Qe4 Bd6 20. Rfe1 Rhe8 21. Qd5 c5 22. Bxc5 Bc7 23. Rxe8 Rxe8 24. Rd1 Bc6 25. Qf5+ Kb8 26. Ng5 Qf6 27. Qxf6 gxf6 28. Nf3 b6 29. Bd4 f5 30. h3 Rh8 31. Bxh8 Be4 32. Nd4 Kb7 33. Re1 b5 34. f3 Bd5 35. Nxb5 Bxa2 36. Nxc7 Kc6 37. Be5 Kc5 38. Bxf4 Kc4 39. Re2 Kb3 40. Rf2 a5 41. Nb5 a4 42. Nd4+ Kc4 43. Bg5 Kd3 44. Bxh4 Bd5 45. Bg5 Bxf3 46. Nxf3 Ke4 47. Ne1 f4 48. Rxf4+ Ke3 49. Rf2+ Ke4 50. Re2+ Kd5 51. c4+ Kxc4 52. Re3 Kb4 53. Ra3 Kb5 54. h4 Kc4 55. Nf3 1-0


[Site "https://www.chess.com"]

[Event "Titled Tuesday Blitz November 29 Early 2022"]
[White "Zhu, Jiner"]
[Black "Silva, Miguel Antonio Neto"]
[WhiteFideId "8608059"]
[BlackFideId "1911929"]
[WhiteElo "2384"]
[BlackElo "2223"]
[Result "1-0"]
[Round "08"]
[TimeControl "180+1"]
[Date "2022.11.30"]
[WhiteClock "0:00:04"]
[BlackClock "0:00:27"]

1. c4 c5 2. Nc3 Nc6 3. Nf3 g6 4. e3 Nf6 5. d4 cxd4 6. exd4 d5 7. cxd5 Nxd5 8. Bc4 Nxc3 9. bxc3 Bg7 10. O-O O-O 11. Re1 Bg4 12. h3 Bxf3 13. Qxf3 Rc8 14. Bf1 e5 15. Ba3 Re8 16. d5 Na5 17. Rad1 Nc4 18. Bxc4 Rxc4 19. d6 Qd7 20. Re3 Rec8 21. Bb2 R8c6 22. Qd5 R4c5 23. Qb3 b6 24. Ba3 Rc4 25. Qb5 e4 26. Bb2 h5 27. Qd5 Kh7 28. Ba3 f5 29. Bb2 R4c5 30. Qb3 Rxd6 31. Rxd6 Qxd6 32. Ba3 Qd5 33. Bxc5 Qxc5 34. Qf7 a5 35. c4 Qd4 36. h4 Qd1+ 37. Kh2 Qd2 38. Rg3 Qd6 39. Kh3 Kh6 40. Qd5 Qe7 41. Qc6 Qf7 42. Rb3 Bd4 43. Qd5 Qf6 44. f3 exf3 45. Rxf3 f4 46. Qe4 Be5 47. Rd3 Qe6+ 48. Kh2 f3+ 49. g3 f2 50. Kg2 Qf6 51. Qf3 f1=Q+ 52. Qxf1 Qc6+ 53. Rf3 Qxc4 54. Qxc4 1-0


[Site "https://www.chess.com"]

[Event "Titled Tuesday Blitz November 29 Early 2022"]
[White "Zivkovic, Nemanja"]
[Black "Fernandez Garcia, Gumersindo"]
[WhiteFideId "942154"]
[BlackFideId "24516740"]
[WhiteElo "2372"]
[BlackElo "2140"]
[Result "1-0"]
[Round "08"]
[TimeControl "180+1"]
[Date "2022.11.30"]
[WhiteClock "0:00:11"]
[BlackClock "0:00:14"]

1. e4 c5 2. Nf3 g6 3. c3 Bg7 4. d4 cxd4 5. cxd4 d5 6. e5 Nc6 7. Nc3 Nh6 8. Bb5 O-O 9. O-O Bg4 10. Bxc6 bxc6 11. h3 Bxf3 12. Qxf3 f6 13. e6 Nf5 14. Qd3 Qb6 15. Rd1 Rfd8 16. Na4 Qb5 17. b3 Nd6 18. Ba3 f5 19. Rac1 Qxd3 20. Rxd3 Nb5 21. Bb2 Rd6 22. Nc5 Nc7 23. Re1 Nb5 24. a4 Nc7 25. Ba3 a5 26. Bb2 Bf6 27. f4 Kg7 28. Kf2 Rb8 29. Ba3 Ra8 30. Kf3 h6 31. g4 fxg4+ 32. hxg4 h5 33. g5 Bxg5 34. fxg5 Rf8+ 35. Kg2 Rf5 36. Rg3 Rd8 37. Nb7 Re8 38. Nxa5 Rf4 39. Nxc6 Rf5 40. Bxe7 Kh7 41. Bf6 Nxe6 42. Rge3 Nf4+ 43. Kg3 h4+ 44. Kg4 Rxe3 45. Rxe3 h3 46. Re8 Rxf6 47. gxf6 h2 48. Re1 Nd3 49. Kh3 h1=Q+ 50. Rxh1 Nf2+ 51. Kg2+ Nxh1 52. a5 Kg8 53. a6 Kf7 54. a7 Kxf6 55. a8=Q 1-0


[Site "https://www.chess.com"]

[Event "Titled Tuesday Blitz November 29 Early 2022"]
[White "sabkeIXO"]
[Black "Chernobay, Artem"]
[BlackFideId "4167406"]
[WhiteElo "2500"]
[BlackElo "2473"]
[Result "0-1"]
[Round "08"]
[TimeControl "180+1"]
[Date "2022.11.30"]
[WhiteClock "0:00:20"]
[BlackClock "0:00:13"]

1. e4 c5 2. Nc3 d6 3. f4 g6 4. Nf3 Bg7 5. Bb5+ Bd7 6. Bc4 Nc6 7. d3 Nf6 8. O-O O-O 9. Qe1 e6 10. Bb3 Nd4 11. Nxd4 cxd4 12. Ne2 a5 13. a4 Ng4 14. Qg3 Ne3 15. Bxe3 dxe3 16. d4 b5 17. Qxe3 Qb6 18. e5 dxe5 19. fxe5 bxa4 20. Bxa4 Bxa4 21. Rxa4 Qxb2 22. Qc3 Qb5 23. Qc4 Qb6 24. Kh1 Rfc8 25. Qd3 Qc6 26. Ra2 a4 27. c3 Ra7 28. h3 Rb8 29. Rfa1 Rb3 30. Rb1 Qb7 31. Rxb3 axb3 32. Rb2 Ra2 33. Qb1 Qa6 34. Rxb3 Ra1 35. Rb8+ Bf8 36. Kh2 Rxb1 37. Rxb1 Qxe2 0-1


[Site "https://www.chess.com"]